 Dungeon Sprint DCSS version 0.17-a0-2147-gfb20a63 (webtiles) character file.

40921 Kidiri the Unseen (level 13, -1/68 HPs)
             Began as a Spriggan Enchanter on Oct 24, 2015.
             Was the Champion of Dithmenos.
             Slain by a jumping spider (16 damage)
             ... summoned by a deep elf summoner
             ... in the Dungeon (Sprint III: "The Ten Rune Challenge").
             The game lasted 00:16:19 (4467 turns).

Kidiri the Unseen (Spriggan Enchanter)              Turns: 4467, Time: 00:16:19

Health: -1/68      AC:  7    Str:  4    XL:     13   Next: 7%
Magic:  30/33      EV: 34    Int: 19    God:    Dithmenos [******]
Gold:   2523       SH:  0    Dex: 19    Spells: 7 memorised, 24 levels left

rFire  . . .     SeeInvis +     r - +2 short sword (drain)
rCold  . . .     Clarity  .     b - +1 robe
rNeg   . . .     SustAt   .     (shield restricted)
rPois  .         Gourm    .     (helmet restricted)
rElec  .         Spirit   .     (no cloak)
rCorr  .         Warding  .     (gloves unavailable)
rMut   .         NoTele   +     (boots unavailable)
MR     ++...                    (no amulet)
Stlth  ++++++++++               (no ring)
                                (no ring)

@: wreathed by umbra, very quick, very resistant to hostile enchantments,
uncannily stealthy
A: unfitting armour, iridescent scales 1, see invisible, herbivore 3, speed 3,
slow metabolism 2
a: Shadow Step, Shadow Form, Renounce Religion
}: 1/10 runes: barnacled


You were in the Dungeon.
You worshipped Dithmenos.
Dithmenos was exalted by your worship.
You were not hungry.

You visited 1 branch You collected 2523 gold pieces.

Inventory:

Hand Weapons
 r - a +2 short sword of draining (weapon)
 z - a +4 dagger
Armour
 b - a +1 robe (worn)
Scrolls
 j - a scroll of blinking
 k - 5 scrolls of remove curse
 p - a scroll of holy word
 t - a scroll of immolation {unknown}
Potions
 e - a potion of curing
 f - a potion of heal wounds
 h - 3 potions of magic
 i - 3 potions of berserk rage
 l - a potion of might
 s - 6 potions of flight
 v - a potion of ambrosia
 A - a potion of cancellation {unknown}
 B - a potion of experience {unknown}
Comestibles
 q - 7 fruits
 u - 28 royal jellies


   Skills:
 + Level 8.3 Fighting
 * Level 14.3 Short Blades
 + Level 7.5 Armour
 * Level 18.1 Dodging
 * Level 19.5 Stealth
 * Level 15.5 Spellcasting
 + Level 7.4 Conjurations
 + Level 12.1 Hexes
 + Level 12.0 Translocations
 + Level 7.9 Ice Magic
 - Level 2.5 Invocations


You had 24 spell levels left.
You knew the following spells:

 Your Spells              Type           Power        Failure   Level  Hunger
a - Corona                Hex            ######.      1%          1    None
b - Ensorcelled Hibernat  Hex/Ice        ######       1%          2    None
c - Confuse               Hex            ######..     1%          3    None
d - Tukima's Dance        Hex            ######..     1%          3    None
e - Dazzling Spray        Conj/Hex       ######..     1%          3    None
f - Apportation           Tloc           ######....   1%          1    None
g - Invisibility          Hex            ######..     4%          6    #####..


Dungeon Overview and Level Annotations

Branches:
Dungeon (1/1)

Altars:
Cheibriados
Dithmenos
Elyvilon
Fedhas
Gozag
Kikubaaqudgha
Makhleb
Nemelex Xobeh
Okawaru
Qazlal
Ru
Sif Muna
Trog
Vehumet
Xom
Yredelemnul
Zin
The Shining One
Jiyva
Lugonu

Shops:
D =[%[%[}


Innate Abilities, Weirdness & Mutations

You are tiny and cannot use many weapons and most armour.
You have supernaturally acute eyesight.
You are a herbivore.
You cover ground extremely quickly.
You need consume almost no food.
You are partially covered in iridescent scales (AC +4).


Message History

Aim: a deep elf summoner, wielding a short sword (lightly wounded, entangled in a web, umbra)
The spray of energy hits the hell rat.
The hell rat is moderately wounded.
The hell rat is dazzled.
The spray of energy hits the jumping spider.
The jumping spider is moderately wounded.
The jumping spider pounces on you!
* * * LOW HITPOINT WARNING * * *
You emit a cloud of dark smoke.
The jumping spider completely misses you.
The deep elf summoner gestures wildly while chanting.
The deep elf summoner blinks!
The deep elf summoner struggles to get unstuck from the web.
The jumping spider misses you.
The jumping spider bites you but does no damage.
Unknown command.
The jumping spider leaps!
You see here 3 chunks of flesh.
The jumping spider pounces on you!
You die...

▓▓▓ ▓▓▓
##.##############.##############
#..#___#__.#__#..#.§§##§§'e#...#
#..#...#...#._#...§§§§§§##.#...#
#..###+#+###+##s%%%§§§§#§#.#...≈≈
#..#..........#.@%..§§§###e#re.##
...'.⌠........#..##∩§### #.'e..#
...#...######'#.###### #######
...#.⌠.#__#...#'#################
...#...#__#...#.§§§§+§#.+...+.#.#
...#'###__#...#.#§§§#.#.#...##.#.
...#...#__#...'.#§§§#.#.#...#.#.#
...#___#_.+...#.#§..#...#...##.#.
▓▓▓▓▓▓▓▓▓▓▓▓▓▓▓▓▓▓▓▓▓▓▓▓▓▓▓▓#.#.#


You could see a jumping spider.

Vanquished Creatures
  Rupert (D)
  A kraken (D)
  Gastronok (D)
  Maud (D)
  2 dire elephants (D)
  2 fire dragons (D)
  2 hydras (D)
  Erica (D)
  2 alligator snapping turtles (D)
  A centaur warrior (D)
  4 death yaks (D)
  An orc high priest (D)
  An unseen horror (D)
  A lindwurm (D)
  A spriggan druid (D)
  A death drake (D)
  An orc sorcerer (D)
  2 elephants (D)
  2 black mambas (D)
  A komodo dragon (D)
  2 spiny frogs (D)
  A fire drake (D)
  8 blink frogs (D)
  A queen bee (D)
  3 wandering mushrooms (D)
  A deep elf priest (D)
  4 snapping turtles (D)
  3 redbacks (D)
  2 spriggans (D)
  A shadow (D)
  A spatial vortex (D)
  A necrophage (D)
  A swamp drake (D)
  2 centaurs (D)
  An orc warrior (D)
  An earth elemental (D)
  2 brain worms (D)
  A water elemental (D)
  A scorpion (D)
  32 killer bees (D)
  An electric eel (D)
  An orc priest (D)
  A jelly (D)
  A wizard (D)
  An orc wizard (D)
  Jessica (D)
  A necromancer (D)
  A kobold demonologist (D)
  3 humans (D)
  An ooze (D)
  13 orcs (D)
  2 rats (D)
125 creatures vanquished.

Vanquished Creatures (others)
  2 draconian scorchers (D)
  3 yaktaurs (D)
  2 fire drakes (D)
  11 plants (D)
  16 tentacles (D)
  52 tentacle segments (D)
86 creatures vanquished.

Grand Total: 211 creatures vanquished

Notes
Turn   | Place    | Note
--------------------------------------------------------------
     0 | D        | Kidiri the Spriggan Enchanter began the quest for the Orb.
     0 | D        | Reached XP level 1. HP: 9/9 MP: 5/5
    33 | D        | Reached skill level 5 in Stealth
    42 | D        | Noticed Jessica
    55 | D        | Killed Jessica
    55 | D        | Reached skill level 1 in Fighting
    55 | D        | Reached skill level 5 in Dodging
    55 | D        | Reached skill level 6 in Stealth
    55 | D        | Reached XP level 2. HP: 12/14 MP: 5/8
    55 | D        | Reached XP level 3. HP: 15/18 MP: 5/9
    59 | D        | Learned a level 2 spell: Ensorcelled Hibernation
    63 | D        | Learned a level 3 spell: Confuse
    67 | D        | Learned a level 3 spell: Dazzling Spray
    96 | D        | Noticed a scorpion
    99 | D        | Killed a scorpion
    99 | D        | Reached skill level 1 in Armour
    99 | D        | Reached skill level 1 in Ice Magic
    99 | D        | Reached XP level 4. HP: 20/22 MP: 9/11
   101 | D        | Reached skill level 7 in Stealth
   101 | D        | Reached skill level 5 in Spellcasting
   111 | D        | Learned a level 3 spell: Tukima's Dance
   133 | D        | Gained mutation: You can translocate small distances at will. [potion of mutation]
   133 | D        | Gained mutation: You tend to lose your temper in combat. [potion of mutation]
   133 | D        | Gained mutation: You are dopey. (Int -2) [potion of mutation]
   134 | D        | Gained mutation: Your muscles are strong. (Str +2) [potion of mutation]
   134 | D        | Gained mutation: You are partially covered in iridescent scales (AC +4). [potion of mutation]
   143 | D        | Noticed a water elemental
   146 | D        | Killed a water elemental
   146 | D        | Reached skill level 1 in Conjurations
   146 | D        | Reached skill level 5 in Hexes
   146 | D        | Reached XP level 5. HP: 26/26 MP: 12/14
   157 | D        | Noticed a jelly
   158 | D        | Noticed a shadow
   160 | D        | Killed a shadow
   160 | D        | Reached skill level 5 in Short Blades
   160 | D        | Reached skill level 8 in Dodging
   160 | D        | Reached skill level 9 in Stealth
   160 | D        | Reached XP level 6. HP: 30/32 MP: 14/16
   164 | D        | Killed a jelly
   169 | D        | Found a stormy altar of Qazlal.
   170 | D        | Found a sacrificial altar of Ru.
   170 | D        | Found a burning altar of Makhleb.
   170 | D        | Found a viscous altar of Jiyva.
   170 | D        | Found a shimmering altar of Xom.
   170 | D        | Found a shadowy altar of Dithmenos.
   170 | D        | Found a sparkling altar of Nemelex Xobeh.
   170 | D        | Found a corrupted altar of Lugonu.
   170 | D        | Found an opulent altar of Gozag.
   170 | D        | Noticed a spatial vortex
   174 | D        | Became a worshipper of Dithmenos the Shadowed
   187 | D        | Lost mutation: Your muscles are strong. (Str +2) [potion of cure mutation]
   187 | D        | Lost mutation: You tend to lose your temper in combat. [potion of cure mutation]
   187 | D        | Lost mutation: You are dopey. (Int -2) [potion of cure mutation]
   187 | D        | Lost mutation: You can translocate small distances at will. [potion of cure mutation]
   214 | D        | Killed a white draconian scorcher
   225 | D        | Killed a white draconian scorcher
   301 | D        | Killed a spatial vortex
   301 | D        | Reached skill level 10 in Stealth
   301 | D        | Reached skill level 1 in Invocations
   423 | D        | Found a radiant altar of Vehumet.
   424 | D        | Noticed a wizard
   439 | D        | Killed a wizard
   443 | D        | Noticed a smoke demon
   444 | D        | Reached * piety under Dithmenos
   445 | D        | Found a deep blue altar of Sif Muna.
   445 | D        | Found an ancient bone altar of Kikubaaqudgha.
   474 | D        | Learned a level 1 spell: Apportation
   481 | D        | Learned a level 6 spell: Invisibility
   566 | D        | Killed a fire drake
   567 | D        | Found a glowing silver altar of Zin.
   568 | D        | Found a glowing golden altar of the Shining One.
   568 | D        | Found a white marble altar of Elyvilon.
   568 | D        | Noticed a deep elf priest
   571 | D        | Killed a deep elf priest
   571 | D        | Reached skill level 1 in Translocations
   571 | D        | Reached XP level 7. HP: 36/36 MP: 17/19
   583 | D        | Found an iron altar of Okawaru.
   584 | D        | Found a bloodstained altar of Trog.
   584 | D        | Noticed a human
   584 | D        | Noticed a human
   586 | D        | Killed a human
   586 | D        | Reached skill level 10 in Dodging
   586 | D        | Reached skill level 11 in Stealth
   587 | D        | Killed a human
   605 | D        | Found a snail-covered altar of Cheibriados.
   605 | D        | Noticed a necrophage
   606 | D        | Found a basalt altar of Yredelemnul.
   606 | D        | Found a blossoming altar of Fedhas.
   606 | D        | Noticed a necromancer
   607 | D        | Killed a necrophage
   607 | D        | Reached ** piety under Dithmenos
   607 | D        | Reached XP level 8. HP: 42/42 MP: 21/21
   608 | D        | Killed a necromancer
   668 | D        | Killed a yaktaur
   672 | D        | Noticed Erica
   672 | D        | Killed a fire drake
   681 | D        | Killed Erica
   681 | D        | Reached skill level 12 in Stealth
   795 | D        | Noticed an earth elemental
   798 | D        | Killed an earth elemental
   803 | D        | Noticed a centaur
   803 | D        | Noticed a centaur warrior
   803 | D        | Noticed a centaur
   807 | D        | Killed a centaur warrior
   807 | D        | Reached skill level 13 in Stealth
   807 | D        | Reached skill level 10 in Spellcasting
   807 | D        | Reached skill level 5 in Translocations
   807 | D        | Reached XP level 9. HP: 9/46 MP: 13/24
   808 | D        | Killed a centaur
   808 | D        | Reached *** piety under Dithmenos
   812 | D        | Killed a centaur
  1090 | D        | Noticed an unseen horror
  1092 | D        | Killed an unseen horror
  1106 | D        | Noticed a killer bee
  1106 | D        | Noticed a killer bee
  1106 | D        | Noticed a killer bee
  1106 | D        | Noticed a killer bee
  1106 | D        | Noticed a killer bee
  1106 | D        | Noticed a killer bee
  1106 | D        | Noticed a killer bee
  1106 | D        | Noticed a killer bee
  1106 | D        | Noticed a killer bee
  1106 | D        | Noticed a killer bee
  1106 | D        | Noticed a killer bee
  1106 | D        | Noticed a killer bee
  1106 | D        | Noticed a killer bee
  1106 | D        | Noticed a killer bee
  1106 | D        | Noticed a killer bee
  1107 | D        | Noticed a killer bee
  1107 | D        | Noticed a killer bee
  1107 | D        | Noticed a killer bee
  1107 | D        | Noticed a killer bee
  1107 | D        | Noticed a killer bee
  1107 | D        | Noticed a killer bee
  1107 | D        | Noticed a killer bee
  1107 | D        | Noticed a killer bee
  1107 | D        | Noticed a killer bee
  1107 | D        | Noticed a killer bee
  1107 | D        | Noticed a killer bee
  1107 | D        | Noticed a killer bee
  1107 | D        | Noticed a killer bee
  1107 | D        | Noticed a killer bee
  1107 | D        | Noticed a killer bee
  1107 | D        | Noticed a killer bee
  1107 | D        | Noticed a killer bee
  1107 | D        | Noticed a queen bee
  1109 | D        | Killed a killer bee
  1112 | D        | Killed a killer bee
  1112 | D        | Reached skill level 5 in Fighting
  1113 | D        | Killed a killer bee
  1113 | D        | Reached **** piety under Dithmenos
  1115 | D        | Killed a killer bee
  1117 | D        | Killed a killer bee
  1123 | D        | Killed a killer bee
  1125 | D        | Killed a killer bee
  1127 | D        | Killed a killer bee
  1129 | D        | Killed a killer bee
  1129 | D        | Reached ***** piety under Dithmenos
  1131 | D        | Killed a killer bee
  1142 | D        | Killed a killer bee
  1277 | D        | Killed a killer bee
  1277 | D        | Reached skill level 14 in Stealth
  1282 | D        | Killed a killer bee
  1284 | D        | Killed a killer bee
  1286 | D        | Killed a killer bee
  1294 | D        | Killed a killer bee
  1298 | D        | Killed a killer bee
  1301 | D        | Killed a killer bee
  1310 | D        | Killed a killer bee
  1310 | D        | Reached XP level 10. HP: 44/51 MP: 1/26
  1314 | D        | Killed a killer bee
  1455 | D        | Killed a killer bee
  1457 | D        | Killed a killer bee
  1457 | D        | Reached ****** piety under Dithmenos
  1459 | D        | Killed a killer bee
  1461 | D        | Killed a killer bee
  1467 | D        | Killed a killer bee
  1471 | D        | Killed a killer bee
  1473 | D        | Killed a killer bee
  1475 | D        | Killed a killer bee
  1475 | D        | Reached skill level 10 in Short Blades
  1477 | D        | Killed a killer bee
  1479 | D        | Killed a killer bee
  1481 | D        | Killed a killer bee
  1619 | D        | Killed a killer bee
  1627 | D        | Killed a queen bee
  1627 | D        | Reached skill level 5 in Armour
  1627 | D        | Reached skill level 5 in Ice Magic
  1717 | D        | Noticed a wandering mushroom
  1718 | D        | Noticed a wandering mushroom
  1718 | D        | Noticed a wandering mushroom
  1721 | D        | Killed a wandering mushroom
  1725 | D        | Killed a wandering mushroom
  1729 | D        | Killed a wandering mushroom
  1756 | D        | Killed a yaktaur
  1821 | D        | Noticed a spiny frog
  1821 | D        | Noticed a komodo dragon
  1821 | D        | Noticed a spiny frog
  1824 | D        | Killed a spiny frog
  1826 | D        | Killed a spiny frog
  1826 | D        | Reached skill level 15 in Stealth
  1831 | D        | Killed a komodo dragon
  1831 | D        | Reached skill level 5 in Conjurations
  1886 | D        | Noticed a redback
  1888 | D        | Killed a redback
  1889 | D        | Noticed a brain worm
  1892 | D        | Killed a brain worm
  1897 | D        | Noticed a brain worm
  1900 | D        | Killed a brain worm
  1903 | D        | Noticed a lindwurm
  1905 | D        | Noticed a redback
  1906 | D        | Killed a lindwurm
  1908 | D        | Killed a redback
  1913 | D        | Noticed a redback
  1914 | D        | Killed a redback
  1915 | D        | Noticed Maud
  1918 | D        | Killed Maud
  1918 | D        | Reached skill level 16 in Stealth
  1918 | D        | Reached XP level 11. HP: 57/57 MP: 28/28
  1972 | D        | Noticed an electric eel
  1973 | D        | Noticed a four-headed hydra
  1973 | D        | Noticed a four-headed hydra
  1975 | D        | Killed an electric eel
  1977 | D        | Killed a four-headed hydra
  1977 | D        | Reached skill level 10 in Hexes
  1978 | D        | Killed a four-headed hydra
  1978 | D        | Reached skill level 15 in Dodging
  2077 | D        | Noticed a death drake
  2080 | D        | Killed a death drake
  2087 | D        | Found a blossoming altar of Fedhas.
  2087 | D        | Noticed a spriggan
  2087 | D        | Noticed a spriggan druid
  2087 | D        | Noticed a spriggan
  2089 | D        | Killed a spriggan druid
  2090 | D        | Killed a spriggan
  2091 | D        | Killed a spriggan
  2126 | D        | Noticed a kraken
  2179 | D        | Killed a kraken
  2179 | D        | Reached skill level 17 in Stealth
  2181 | D        | Killed a yaktaur
  2332 | D        | Noticed a snapping turtle
  2332 | D        | Noticed a snapping turtle
  2334 | D        | Noticed an alligator snapping turtle
  2334 | D        | Noticed a snapping turtle
  2334 | D        | Noticed an alligator snapping turtle
  2334 | D        | Noticed a snapping turtle
  2334 | D        | Found Ymofokuo's Gadget Boutique.
  2334 | D        | Found Mink's Antique Armour Shop.
  2334 | D        | Found Lysoug's Food Emporium.
  2335 | D        | Killed a snapping turtle
  2337 | D        | Killed a snapping turtle
  2337 | D        | Reached skill level 10 in Translocations
  2339 | D        | Killed a snapping turtle
  2530 | D        | Killed an alligator snapping turtle
  2749 | D        | Killed an alligator snapping turtle
  2790 | D        | Killed a snapping turtle
  2798 | D        | Got a barnacled rune of Zot
  2858 | D        | Noticed a swamp drake
  2858 | D        | Noticed a fire drake
  2859 | D        | Killed a fire drake
  2861 | D        | Killed a swamp drake
  2867 | D        | Noticed a blink frog
  2868 | D        | Noticed a blink frog
  2868 | D        | Noticed a blink frog
  2868 | D        | Noticed a blink frog
  2868 | D        | Noticed a blink frog
  2869 | D        | Killed a blink frog
  2871 | D        | Killed a blink frog
  2871 | D        | Reached XP level 12. HP: 63/63 MP: 21/30
  2873 | D        | Killed a blink frog
  2874 | D        | Killed a blink frog
  2882 | D        | Killed a blink frog
  2939 | D        | Noticed Rupert
  2942 | D        | Killed Rupert
  2942 | D        | Reached skill level 18 in Stealth
  2962 | D        | Noticed a death yak
  2963 | D        | Noticed a death yak
  2963 | D        | Noticed a blink frog
  2964 | D        | Noticed an azure jelly
  2964 | D        | Noticed a death yak
  2964 | D        | Noticed an azure jelly
  2964 | D        | Noticed a blink frog
  2964 | D        | Noticed a death yak
  2965 | D        | Killed a death yak
  2966 | D        | Killed a death yak
  2967 | D        | Killed a blink frog
  2968 | D        | Noticed a blink frog
  2968 | D        | Noticed a black mamba
  2969 | D        | Killed a death yak
  2973 | D        | Killed a blink frog
  2979 | D        | Killed a death yak
  2983 | D        | Killed a blink frog
  3073 | D        | Noticed a black mamba
  3075 | D        | Killed a black mamba
  3076 | D        | Killed a black mamba
  3127 | D        | Noticed a fire dragon
  3148 | D        | Killed a fire dragon
  3181 | D        | Found Wij Diet's Jewellery Shoppe.
  3181 | D        | Found Wath's Antique Armour Boutique.
  3181 | D        | Noticed a fire dragon
  3243 | D        | Killed a fire dragon
  3243 | D        | Reached skill level 15 in Spellcasting
  3316 | D        | Found Ezynuel's Food Emporium.
  3696 | D        | Noticed an azure jelly
  3696 | D        | Noticed an azure jelly
  3697 | D        | Noticed an elephant
  3697 | D        | Noticed an elephant
  3697 | D        | Noticed a dire elephant
  3697 | D        | Noticed a dire elephant
  3697 | D        | Noticed Gastronok
  3711 | D        | Killed a dire elephant
  3711 | D        | Reached skill level 19 in Stealth
  3746 | D        | Killed a dire elephant
  3765 | D        | Killed Gastronok
  4066 | D        | Killed an elephant
  4089 | D        | Killed an elephant
  4089 | D        | Reached XP level 13. HP: 68/68 MP: 18/33
  4245 | D        | Noticed an orc high priest
  4245 | D        | Noticed an orc priest
  4246 | D        | Noticed an orc wizard
  4246 | D        | Noticed an orc sorcerer
  4246 | D        | Noticed an orc warrior
  4246 | D        | Found Puid's Antique Armour Shoppe.
  4247 | D        | Killed an orc priest
  4249 | D        | Killed an orc high priest
  4258 | D        | Killed an orc wizard
  4260 | D        | Killed an orc warrior
  4262 | D        | Killed an orc sorcerer
  4444 | D        | Noticed a deep elf conjurer
  4444 | D        | Noticed a deep elf conjurer
  4444 | D        | Noticed a deep elf summoner
  4444 | D        | Noticed a deep elf summoner
  4444 | D        | Noticed a deep elf priest
  4467 | D        | Slain by a jumping spider

Vault maps used:
D:        dungeon_sprint_mu

Action                   |  1- 3 |  4- 6 |  7- 9 | 10-12 | 13-15 || total
-------------------------+-------+-------+-------+-------+-------++-------
Melee: Dagger            |    20 |    29 |    63 |   185 |    11 ||   308
       Short sword       |       |       |       |       |     1 ||     1
 Cast: Corona            |     1 |       |       |       |       ||     1
       Ensorcelled Hiber |       |     3 |    23 |    50 |       ||    76
       Dazzling Spray    |       |    12 |     5 |    36 |    10 ||    63
       Confuse           |       |     1 |     2 |     6 |       ||     9
Invok: Shadow Step       |       |       |     1 |    12 |     1 ||    14
  Use: Scroll            |       |     3 |       |       |       ||     3
       Potion            |       |     3 |       |     2 |       ||     5
 Stab: Sleeping          |     2 |     6 |    21 |    55 |     3 ||    87
       Confused          |       |       |     2 |     5 |       ||     7
       Invisible         |       |       |     2 |     9 |     1 ||    12
  Eat: Bread ration      |       |       |       |     1 |       ||     1
